 Dungeon Crawl Stone Soup version 0.30-a0-137-gd8773701ce (webtiles) character file.

Game seed: 7988044489623794725

37020 jlumianski the Cleaver (level 13, -20/79 HPs)
             Began as a Gargoyle Gladiator on Sept 21, 2022.
             Was a Believer of Qazlal.
             Shot with a bolt by a yaktaur captain (21 damage)
             ... on level 14 of the Dungeon.
             The game lasted 01:05:51 (16923 turns).

jlumianski the Cleaver (Gargoyle Gladiator)        Turns: 16923, Time: 01:05:52

Health: -20/79     AC: 34    Str: 29    XL:     13   Next: 94%
Magic:  17/17      EV: 24    Int:  9    God:    Qazlal [**....]
Gold:   1414       SH:  2    Dex: 11    Spells: 12/12 levels left

rFire   . . .      SeeInvis .    H - +1 broad axe (spect)
rCold   + . .      Faith    .    (no shield)
rNeg    + . .      Spirit   .    Y - +0 plate armour
rPois   ∞          Reflect  .    z - +2 helmet
rElec   +          Harm     .    X - +2 cloak
rCorr   .          Rampage  .    n - +1 pair of gloves
Will    .....                    T - +0 pair of boots
Stlth   ..........               b - amulet of the acrobat
HPRegen 0.23/turn                k - +6 ring of strength
MPRegen 0.15/turn                W - ring of protection from cold

@: acrobatic, slowed, very slow
A: sickness immunity, AC +9, negative energy resistance 1, electricity
resistance, torment resistance 1, petrification resistance
a: Renounce Religion, Upheaval


You were on level 14 of the Dungeon.
You worshipped Qazlal.
Qazlal was pleased with you.
You visited 2 branches of the dungeon, and saw 16 of its levels.
You also visited: Sewer and Bailey.

You collected 2231 gold pieces.
You spent 817 gold pieces at shops.

Inventory:

Hand Weapons
 r - the +11 whip "Etaibbao" {pain, rElec Str+3 Stlth+}
   (You found it on level 3 of the Dungeon)

   In the hands of one skilled in necromantic magic, it inflicts extra damage on
   living creatures.
   Str:       It affects your strength (+3).
   rElec:     It insulates you from electricity.
   Stlth:     It makes you more stealthy.
 H - a +1 spectral broad axe (weapon)
Missiles
 d - 2 throwing nets
 e - a javelin
 t - 77 poisoned darts (quivered)
 v - 15 boomerangs
 x - 8 atropa-tipped darts
 M - 8 curare-tipped darts
Armour
 i - a scarf of resistance
 n - a +1 pair of gloves (worn)
 z - a +2 helmet (worn)
 T - a +0 pair of boots (worn)
 X - a +2 cloak (worn)
 Y - a +0 plate armour (worn)
Jewellery
 b - an amulet of the acrobat (around neck)
 c - a +4 ring of evasion
 k - a +6 ring of strength (left hand)
 y - a ring of resist corrosion
 U - a ring of ice
 V - a ring of see invisible
 W - a ring of protection from cold (right hand)
Wands
 m - a wand of charming (5)
 s - a wand of flame (82)
 u - a wand of polymorph (5)
 G - a wand of digging (6)
Scrolls
 a - a scroll of magic mapping
 f - 3 scrolls of identify
 l - 3 scrolls of butterflies
 p - 2 scrolls of enchant weapon
 E - a scroll of silence
 I - 2 scrolls of blinking
 J - 4 scrolls of summoning
 K - 4 scrolls of fear
 N - 2 scrolls of teleportation
 R - a scroll of poison
Potions
 g - 2 potions of brilliance
 h - 2 potions of attraction
 j - a potion of mutation
 o - a potion of lignification
 q - 5 potions of haste
 A - 2 potions of might
 C - 5 potions of heal wounds
 F - 7 potions of curing
 S - a potion of resistance
 Z - 2 potions of invisibility


   Skills:
 + Level 8.5 Fighting
 * Level 14.2(14.7) Axes
 - Level 6.4(11.9) Maces & Flails
 + Level 4.9 Throwing
 + Level 9.6 Armour
 + Level 4.1 Dodging
 - Level 1.2 Stealth
 + Level 0.5 Shields
 - Level 5.3 Necromancy
 * Level 6.6 Invocations
 * Level 5.2 Evocations


You had 12 spell levels left.
You didn't know any spells.
Your spell library contained the following spells:

 Spells                   Type           Power      Damage    Failure   Level
 Dazzling Flash           Conj/Hex       0%         N/A       100%        3
 Gell's Gravitas          Tloc           0%         N/A       100%        3
 Ignite Poison            Fire/Tmut/Pois 0%         N/A       100%        3
 Lesser Beckoning         Tloc           0%         N/A       100%        3
 Summon Guardian Golem    Hex/Summ       0%         N/A       100%        3
 Teleport Other           Tloc           0%         N/A       100%        3
 Tukima's Dance           Hex            0%         N/A       100%        3
 Hailstorm                Conj/Ice       0%         3d3       100%        4
 Ice Form                 Ice/Tmut       0%         N/A       100%        4
 Passage of Golubria      Tloc           0%         N/A       100%        4
 Sticky Flame             Conj/Fire      0%         2d3       100%        4
 Agony                    Necr           9%         N/A       100%        5
 Silence                  Hex/Air        0%         N/A       100%        5
 Yara's Violent Unravell  Hex/Tmut       0%         3d3       100%        5
 Simulacrum               Ice/Necr       2%         N/A       100%        6
 Orb of Destruction       Conj           0%         9d5       100%        7
 Spellforged Servitor     Conj/Summ      0%         N/A       100%        7


Dungeon Overview and Level Annotations

Branches:
Dungeon (15/15)            Temple (1/1) D:7            Lair (0/5) D:11
    Orc (0/2) D:12         Vaults (0/5) D:13          Sewer (visited)
 Bailey (visited)
 Depths: D:15

Altars:
Ashenzari
Cheibriados
Dithmenos
Elyvilon
Fedhas
Gozag
Hepliaklqana
Kikubaaqudgha
Makhleb
Nemelex Xobeh
Okawaru
Qazlal
Ru
Sif Muna
Trog
Uskayaw
Vehumet
Wu Jian
Xom
Yredelemnul
Zin
The Shining One

Shops:
D:4 !?[*   D:6 *   D:9 *(   D:13 :

Annotations:
D:8 1 runed translucent door


Innate Abilities, Weirdness & Mutations

You are immune to sickness and miasma.
Your stone body is resilient. (AC +9)
You are immune to poison.
You resist negative energy. (rN+)
You are resistant to electric shocks. (rElec)
You are resistant to unholy torment.
You are immune to petrification.


Message History

Your +1 spectral broad axe hits the sphinx!
The sphinx hits you but does no damage. The sphinx closely misses you.
The sphinx hits you but does no damage.
You slice the sphinx!!
The sphinx is severely wounded.
Your +1 spectral broad axe closely misses the sphinx.
The sphinx hits you but does no damage. The sphinx closely misses you.
The sphinx barely misses you. The sphinx hits you but does no damage.
The sphinx hits you. The sphinx misses you.
You slash the sphinx!
The sphinx is severely wounded.
Your +1 spectral broad axe hits the sphinx.
The sphinx hits you but does no damage. x3
You hit the sphinx but do no damage.
The sphinx is severely wounded.
Your +1 spectral broad axe hits the sphinx!
The sphinx casts a spell.
Your +1 spectral broad axe is smitten.
Your spectral weapon shares its damage with you!
The sphinx mumbles some strange words.
Your +1 spectral broad axe is smitten.
Your spectral weapon shares its damage with you!
You barely miss the sphinx.
The sphinx is almost dead.
Your +1 spectral broad axe hits the sphinx.
The sphinx casts a spell.
You feel as though you will be slow longer.
You slice the sphinx!!
You kill the sphinx!
Qazlal accepts your kill.
You can now call upon nature to destroy your foes.
A yaktaur captain comes into view.
The yaktaur captain wields a +0 arbalest.
The yaktaur captain shoots a bolt.
The bolt hits you!!
Found a book of Vapours.
The yaktaur captain shoots a bolt.
The bolt hits you.
The yaktaur captain shoots a bolt.
The bolt hits you!!
* * * LOW HITPOINT WARNING * * *
The yaktaur captain shoots a bolt.
The bolt hits you!!
You die...

#.......# #.# #.......#
######..##...# #.# #.......#
#....#..##..######.###.......####
#.>..............................
#....#...............#...########
...###############.###...........
...# #.........######## ....
#.#.....#.#.###### ....
#@#...#....)...... .....
#.#.#.#.#......... .....
#.#.#...#.#.###### ...###
#.#.##..#.#.# #.#:##..#.#.######
##.#.##....#.......
#..c.......########
######.##....## ##
........c......######.


You could see a yaktaur captain.

Vanquished Creatures
  A sphinx (D:14)
  An entropy weaver (shapeshifter) (D:13)
  6 vault guards
  3 hydras
  An ice dragon (shapeshifter) (D:15)
  A death knight (D:15)
  2 centaur warriors
  4 boulder beetles
  3 death yaks
  3 two-headed ogres
  4 skeletal warriors
  2 phantasmal warriors (D:14)
  3 deep elf pyromancers
  9 ugly things
  3 cyclopes
  A manticore (D:11)
  2 gargoyles
  Maggie (D:9)
  A freezing wraith (D:14)
  A komodo dragon (D:12)
  A meliai (D:13)
  5 trolls
  Prince Ribbit (Bailey)
  6 slime creatures
  A hornet (D:8)
  Sigmund (D:4)
  3 wraiths
  10 yaks
  2 wyverns
  6 humans (Bailey)
  2 steam dragons
  2 acid dragons
  2 water moccasins (D:6)
  2 ice beasts
  An orc warrior (D:11)
  A black bear (D:8)
  4 ogres
  3 centaurs
  2 phantoms
  11 kobold brigands
  12 bullfrogs
  4 scorpions
  A gnoll sergeant (D:8)
  2 necrophages (D:6)
  A hornet simulacrum (D:14)
  4 killer bees (D:8)
  2 howler monkeys
  3 jellies
  3 hounds
  5 orc priests
  Natasha (thrice) (D:2)
  4 iguanas
  8 orc wizards
  Ijyb (D:4)
  8 gnolls
  14 adders
  3 river rats
  2 white imps
  An ufetubus (D:4)
  A worm (Sewer)
  9 dart slugs
  40 orcs
  7 ball pythons
  12 endoplasms
  5 giant cockroaches
  5 goblins
  13 hobgoblins
  3 jackals
  6 quokkas
  11 bats
  4 frilled lizards
  15 kobolds
  7 rats
337 creatures vanquished.

Notes
Turn   | Place    | Note
-------+----------+-------------------------------------------
     0 | D:1      | jlumianski the Gargoyle Gladiator began the quest for the
                  | Orb.
     0 | D:1      | Reached XP level 1. HP: 12/12 MP: 1/1
   145 | D:1      | Reached XP level 2. HP: 7/18 MP: 2/2
   527 | D:1      | Reached skill level 3 in Axes
   730 | D:2      | Reached XP level 3. HP: 18/22 MP: 3/3
  1190 | D:2      | Noticed Natasha
  1196 | D:2      | Killed Natasha
  1197 | D:2      | Reached skill level 1 in Armour
  1197 | D:2      | Reached XP level 4. HP: 23/28 MP: 4/4
  1589 | D:1      | Identified a scroll of acquirement
  1589 | D:1      | Acquired 788 gold pieces
  1628 | D:2      | Noticed Natasha
  1642 | D:2      | Killed Natasha
  1731 | D:2      | Noticed Natasha
  1737 | D:2      | Killed Natasha
  1738 | D:2      | Reached XP level 5. HP: 30/32 MP: 5/5
  1847 | D:3      | Identified the +11 whip "Etaibbao" {pain, rElec Str+3
                  | Stlth+}
  1907 | D:2      | Found a hazy altar of Hepliaklqana.
  2469 | D:4      | Found Neguek's Antique Armour Boutique.
  2480 | D:3      | Reached skill level 1 in Maces & Flails
  2480 | D:3      | Reached skill level 1 in Necromancy
  2480 | D:3      | Reached XP level 6. HP: 33/37 MP: 6/6
  2495 | D:4      | Bought a shiny helmet for 172 gold pieces
  2495 | D:4      | Bought a runed chain mail for 172 gold pieces
  2919 | D:4      | Found Nahafopy's General Store.
  2943 | D:4      | Reached skill level 1 in Stealth
  3253 | D:3      | Found a faded altar of an unknown god.
  3388 | D:4      | Found Ongen's Magic Scroll Emporium.
  3391 | D:4      | Bought a scroll of identify for 26 gold pieces
  3391 | D:4      | Bought a scroll of identify for 26 gold pieces
  3427 | D:4      | Noticed Sigmund
  3436 | D:4      | Killed Sigmund
  3437 | D:4      | Reached XP level 7. HP: 34/42 MP: 7/7
  3840 | D:4      | Found Giyfuip's Distillery.
  3845 | D:4      | Bought a potion of heal wounds for 70 gold pieces
  3845 | D:4      | Bought a potion of curing for 42 gold pieces
  3845 | D:4      | Bought a potion of curing for 42 gold pieces
  3855 | D:4      | Noticed Ijyb
  3858 | D:4      | Killed Ijyb
  4059 | D:5      | Entered Level 5 of the Dungeon
  4103 | D:4      | Bought a scroll of magic mapping for 97 gold pieces
  4219 | D:5      | Found a glowing drain.
  4228 | Sewer    | Entered a sewer
  4272 | Sewer    | Reached XP level 8. HP: 39/48 MP: 8/8
  4437 | Sewer    | Reached skill level 5 in Maces & Flails
  5017 | D:4      | Bought a scroll of identify for 20 gold pieces
  5017 | D:4      | Bought a scroll of teleportation for 30 gold pieces
  5017 | D:4      | Bought a scroll of teleportation for 30 gold pieces
  5075 | D:6      | Reached skill level 4 in Axes
  5163 | D:5      | Reached XP level 9. HP: 39/52 MP: 9/9
  5282 | D:5      | Reached skill level 5 in Armour
  5463 | D:5      | Found a sacrificial altar of Ru.
  5797 | D:6      | Reached skill level 5 in Axes
  5807 | D:6      | Found Estrufy's Fire Supplies.
  5848 | D:6      | Reached skill level 5 in Fighting
  5994 | D:5      | Reached skill level 6 in Axes
  6059 | D:10     | Entered Level 10 of the Dungeon
  6059 | D:10     | Found a flagged portal.
  6107 | Bailey   | Entered a bailey
  6134 | Bailey   | Reached skill level 7 in Axes
  6134 | Bailey   | Reached XP level 10. HP: 49/59 MP: 10/10
  6191 | Bailey   | Reached skill level 5 in Necromancy
  6525 | Bailey   | Noticed a vault guard
  6545 | Bailey   | Killed a vault guard
  6546 | Bailey   | Reached skill level 8 in Axes
  6777 | Bailey   | Noticed Prince Ribbit
  6777 | Bailey   | Noticed a vault guard
  6787 | Bailey   | Killed Prince Ribbit
  6790 | Bailey   | Killed a vault guard
  7101 | D:6      | Reached skill level 9 in Axes
  7338 | D:7      | Found a hide-covered altar of Uskayaw.
  7446 | D:7      | Found a staircase to the Ecumenical Temple.
  7456 | Temple   | Entered the Ecumenical Temple
  8603 | D:8      | Reached XP level 11. HP: 65/65 MP: 11/11
  9186 | D:8      | Noticed a centaur warrior
  9186 | D:8      | Noticed a tengu warrior
  9186 | D:8      | Noticed a deep elf pyromancer
  9187 | D:8      | Found a runed translucent door.
  9189 | D:8      | Identified the ring "Wascheur" {Ice rPois Int+2 SInv}
  9189 | D:8      | Noticed a tengu warrior
  9189 | D:8      | Noticed a fire dragon
  9189 | D:8      | Noticed a centaur warrior
  9189 | D:8      | Noticed a cyclops
  9296 | D:9      | Found a stormy altar of Qazlal.
  9306 | D:9      | Became a worshipper of Qazlal Stormbringer
  9311 | D:9      | Reached skill level 10 in Axes
  9478 | D:9      | Found Asathaip's General Store.
  9522 | D:9      | Bought a scroll of enchant weapon for 90 gold pieces
  9592 | D:9      | Noticed Maggie
  9602 | D:9      | Killed Maggie
  9752 | D:9      | Found a sparkling altar of Nemelex Xobeh.
  9866 | D:9      | Found Weweugig's Antique Weapon Shoppe.
 10293 | D:11     | Noticed a manticore
 10304 | D:11     | Killed a manticore
 10416 | D:11     | Noticed a cyclops
 10427 | D:11     | Killed a cyclops
 10428 | D:11     | Reached skill level 1 in Evocations
 10482 | D:11     | Noticed a death yak
 10483 | D:11     | Found a staircase to the Lair.
 10483 | D:11     | Noticed a death yak
 10492 | D:11     | Noticed a death yak
 10506 | D:10     | Killed a death yak
 10507 | D:10     | Reached skill level 1 in Invocations
 10733 | D:10     | Reached skill level 11 in Axes
 10852 | D:11     | Killed a death yak
 10855 | D:11     | Killed a death yak
 10937 | D:11     | Noticed a two-headed ogre
 10944 | D:11     | Killed a two-headed ogre
 10944 | D:11     | Reached * piety under Qazlal
 11220 | D:11     | Reached XP level 12. HP: 45/72 MP: 12/14
 11560 | D:12     | Found a staircase to the Orcish Mines.
 11832 | D:11     | HP: 1/72 [red ugly thing (23)]
 12042 | D:11     | Reached skill level 12 in Axes
 12706 | D:11     | Acquired 597 gold pieces
 12762 | D:12     | Found a hide-covered altar of Uskayaw.
 12762 | D:12     | Noticed a +0 dagger
 12832 | D:13     | Noticed a two-headed ogre
 12836 | D:13     | Noticed a centaur warrior
 12854 | D:12     | Killed a two-headed ogre
 12862 | D:13     | Killed a centaur warrior
 12900 | D:13     | Noticed a boulder beetle
 12910 | D:13     | Killed a boulder beetle
 13046 | D:14     | Noticed an entropy weaver
 13062 | D:13     | Killed an entropy weaver
 13307 | D:13     | Found Yxuj's Book Shoppe.
 13395 | D:14     | Noticed an eight-headed hydra
 13397 | D:14     | Reached skill level 13 in Axes
 13409 | D:14     | Killed an eight-headed hydra
 13550 | D:13     | Reached XP level 13. HP: 28/78 MP: 16/16
 13894 | D:13     | Noticed a vault guard
 13913 | D:13     | Reached skill level 5 in Invocations
 14142 | D:13     | Noticed a vault guard
 14155 | D:13     | Killed a vault guard
 14194 | D:13     | Noticed a vault guard
 14226 | D:13     | Killed a vault guard
 14510 | D:13     | Found a gate to the Vaults.
 14555 | D:13     | Noticed a vault guard
 14578 | D:13     | Killed a vault guard
 14777 | D:13     | Reached ** piety under Qazlal
 15326 | D:12     | Killed a vault guard
 15595 | D:14     | Identified the +0 leather armour "Fittemiw" {+Blink}
 15735 | D:15     | Entered Level 15 of the Dungeon
 16292 | D:15     | Reached skill level 5 in Evocations
 16563 | D:15     | Noticed an ice dragon
 16568 | D:15     | Noticed a fire dragon
 16574 | D:15     | Killed an ice dragon
 16575 | D:15     | Reached skill level 14 in Axes
 16879 | D:14     | Noticed a sphinx
 16881 | D:14     | Noticed a tengu reaver
 16905 | D:14     | Killed a sphinx
 16913 | D:14     | Noticed a yaktaur captain
 16922 | D:14     | HP: 1/79 [yaktaur captain/bolt (24)]
 16923 | D:14     | Shot with a bolt by a yaktaur captain

Illustrated notes

Levels and vault maps discovered:
D:1:      dpeg_arrival_central, layout_basic
D:2:      layout_rooms, basic_altar, uniq_natasha
D:3:      layout_basic, shapermc_ecumenical_altar_mp_urbaneastern,
          minmay_strange_pillars
D:4:      layout_loops_ring, serial_shops, kennysheep_little_box,
          kennysheep_mini_moat, nicolae_take_the_stairs, shop, uniq_sigmund,
          uniq_ijyb
D:5:      minmay_inner_zag, layout_rooms, old_standard_altar,
          portal_sewer_entry_d, grunt_decor_clamped
D:6:      layout_rooms, nicolae_shop_fire_sale [nicolae_sub_dead_trees],
          kennysheep_generic_room_5
D:7:      layout_rooms, general_overflow_altar, lemuel_temple_firewalk_a,
          kennysheep_decorative_pillar, david_defended_altar_orc
D:8:      minmay_gate_of_8, layout_basic, uniq_erica
D:9:      layout_stronghold, mainiacjoe_overflow_catwalk,
          nicolae_qazlal_scattered_showers, serial_shops, shop_fountains,
          nicolae_shop_waterfront, roderic_batcave, uniq_maggie
D:10:     layout_loops_cross, serial_co_window_serial, co_window_corner_a,
          co_window_cross_1, co_window_paths_a, co_window_paths_b,
          co_window_of_opportunity_a, co_window_paths_a, co_window_cross_1,
          co_window_2corner, co_window_of_opportunity_b, co_window_broadway_b,
          co_window_unsneaky_path_c, co_window_of_opportunity_b,
          glass_columns_b, glass_columns_a, enter_bailey_1,
          grunt_decor_arrowhead, grunt_decor_resistance
D:11:     layout_cave_pools, dpeg_lair_monsters,
          portal_ice_cave_entry_pillars_2, kennysheep_generic_room_7
D:12:     layout_big_octagon, orc_0_dummy, dancing_weapons_uskayaw
D:13:     layout_stronghold, lightli_vaults_fourway_checkpoint, serial_shops,
          shop
D:14:     minmay_guarded_unrand_guard, layout_basic, serial_bayou_pond_a,
          st_stairs_5
D:15:     grunt_enter_depths_giant_problem, layout_small_grid,
          minmay_misc_feat_chi
Temple:   eino_narrow_crystal_temple

Skill      XL: |  1  2  3  4  5  6  7  8  9 10 11 12 13 |
---------------+----------------------------------------+-----
Axes           | 3 4 7 9 11 13 14 | 14.2
Fighting       | 3 4 5 6 7 8 |  8.5
Armour         | 1 2 3 4 5 6 7 8 9 |  9.6
Maces & Flails | 1 3 4 6 |  6.4
Necromancy     | 1 2 3 4 5 |  5.3
Stealth        | 1 |  1.2
Dodging        | 3 4 |  4.1
Throwing       | 2 3 4 |  4.9
Evocations     | 2 4 5 |  5.2
Invocations    | 2 4 6 |  6.6
Shields        | |  0.5

Action                   |  1- 3 |  4- 6 |  7- 9 | 10-12 | 13-15 || total
-------------------------+-------+-------+-------+-------+-------++-------
Melee: War axe           |    79 |    58 |       |       |       ||   137
       Whip              |       |    83 |   136 |     5 |    22 ||   246
       Punch             |       |     1 |     1 |     5 |     2 ||     9
       Broad axe         |       |       |    87 |   307 |   128 ||   522
Throw: Dart              |       |     1 |     7 |    46 |    32 ||    86
       Throwing net      |       |       |       |     1 |       ||     1
Invok: Upheaval          |       |       |       |       |     1 ||     1
Evoke: Wand              |       |       |       |     2 |     3 ||     5
  Use: Scroll            |       |    13 |    10 |     5 |     3 ||    31
       Potion            |       |     1 |       |     2 |     2 ||     5
 Stab: Distracted        |       |       |     3 |     6 |     3 ||    12
Armor: Leather armour    |     6 |       |       |       |       ||     6
       Ring mail         |    33 |       |       |       |       ||    33
       Chain mail        |    24 |    85 |   115 |    27 |       ||   251
       Plate armour      |       |       |       |   194 |   127 ||   321
Dodge: Dodged            |    46 |    68 |    97 |   174 |   113 ||   498
Block: Other             |       |       |       |     4 |     9 ||    13

Table legend: (Time is in decaauts)
 A = Elapsed time spent in this place.
 B = Non-inter-level travel time spent in this place.
 C = Inter-level travel time spent in this place.
 D = Time resting spent in this place.
 E = Time spent auto-exploring this place.
 F = Levels seen in this place.
 G = Mean time per level.
                   A        B        C        D        E       F      G
               +--------+--------+--------+--------+--------+-----+--------+
         Total |  17211 |  16975 |    236 |   3742 |   7238 |  18 |  956.2 |
       Dungeon |  15273 |  15037 |    236 |   3272 |   6546 |  15 | 1018.2 |
        Temple |    190 |    190 |      0 |      0 |    157 |   1 |  190.0 |
         Sewer |    935 |    935 |      0 |      0 |    534 |   1 |  935.0 |
        Bailey |    811 |    811 |      0 |    470 |      0 |   1 |  811.0 |
               +--------+--------+--------+--------+--------+-----+--------+

Top non-repeatable levels by time:
    D:13: 2262 daAuts
    D:11: 1672 daAuts
     D:1: 1451 daAuts
    D:14: 1212 daAuts
     D:4: 1115 daAuts
     D:7: 1087 daAuts
     D:9: 1012 daAuts
     D:3: 954 daAuts
   Sewer: 935 daAuts
     D:8: 903 daAuts
  Bailey: 811 daAuts
     D:5: 804 daAuts
    D:12: 748 daAuts
     D:2: 655 daAuts
     D:6: 496 daAuts
